 Dungeon Sprint DCSS version 0.21.1-1-g345015f (webtiles) character file.

977 Fang the Fighter (level 8, -1/60 HPs)
             Began as a Gargoyle Berserker on July 8, 2018.
             Was a High Priest of Trog.
             Slain by a tarantella (11 damage)
             ... in the Dungeon (Sprint VII: "The Pits").
             The game lasted 00:01:43 (938 turns).

Fang the Fighter (Gargoyle Berserker)                Turns: 938, Time: 00:01:43

Health: -1/60      AC:  8    Str: 23    XL:     8   Next: 17%
Magic:  8/8        EV: 14    Int:  8    God:    Trog [*****.]
Gold:   0          SH:  0    Dex:  9    Spells: 7/7 levels left

rFire    . . .     SeeInvis .   n - +1 hand axe (freeze)
rCold    . . .     Gourm    .   (no shield)
rNeg     + . .     Faith    .   b - +0 animal skin
rPois    ∞         Spirit   .   (no helmet)
rElec    +         Reflect  .   (no cloak)
rCorr    .         Harm     .   (no gloves)
MR       .....     NoTele   +   (no boots)
Stlth    +.........             (no amulet)
HPRegen  0.20/turn              (no ring)
MPRegen  0.11/turn              (no ring)

@: confused, berserk cooldown, slowed, very slow
A: negative energy resistance 1, electricity resistance, unbreathing,
petrification resistance, rot immunity, AC +5
a: Berserk, Trog's Hand, Brothers in Arms, Burn Spellbooks, Renounce Religion


You were in the Dungeon.
You worshipped Trog.
Trog was extremely pleased with you.
You were not hungry.

You visited 1 branch

Inventory:

Hand Weapons
 j - a +2 hand axe
 m - a +1 antimagic battleaxe
 n - a +1 hand axe of freezing (weapon)
Armour
 b - a +0 animal skin (worn)
Scrolls
 i - a scroll of blinking
 k - 3 scrolls of remove curse
 l - a scroll of summoning
Potions
 a - 2 potions of invisibility
 d - 6 potions of curing
 e - 6 potions of heal wounds
 f - a potion of haste
 g - 4 potions of magic
 h - 3 potions of berserk rage
Comestibles
 c - 9 rations


   Skills:
 + Level 11.3 Fighting
 + Level 11.3 Axes
 + Level 5.0 Armour
 + Level 5.4 Dodging
 + Level 0.8 Stealth


You had 7 spell levels left.
You didn't know any spells.

Dungeon Overview and Level Annotations

Branches:
Dungeon (1/1)

Altars:
Cheibriados
Dithmenos
Elyvilon
Fedhas
Gozag
Hepliaklqana
Makhleb
Nemelex Xobeh
Okawaru
Qazlal
Ru
Sif Muna
Trog
Vehumet
Wu Jian
Xom
Yredelemnul
Zin
The Shining One
Beogh
Jiyva
Lugonu


Innate Abilities, Weirdness & Mutations

You are resistant to torment.
Your stone body is resilient. (AC +5)
You are immune to poison.
You resist negative energy. (rN+)
You are resistant to electric shocks. (rElec)
You can survive without breathing.
You are immune to petrification.
You are immune to rotting.


Message History

You are confused.
The tarantella misses you.
There is an open door, spattered with blood here.
You see here a dream sheep corpse.
You butcher the dream sheep corpse.
The tarantella bites you. The tarantella misses you.
The tarantella barely misses you.
There is an open door, spattered with blood here.
You see here 4 chunks of flesh.
Eat one of 4 chunks of flesh? (ye/n/q)
You eat one of the 4 chunks of flesh.
This raw flesh tastes terrible.
The tarantella barely misses you. The tarantella bites you!
* * * LOW HITPOINT WARNING * * *
You are more confused.
The tarantella closely misses you.
The tarantella bites you but does no damage.
You see here a glowing battleaxe {god gift}.
You're too confused!
m - a glowing battleaxe {god gift} The tarantella bites you!
You die...

#.##'#.)#'###...<...#
#.#........##.......#
#.#..).....##.......#
#'###########.......#
#))#.#.##.. #########
#..)†...#.# ####
##.#.#.##.#....#
#.......#)#Y...#
##.#.#.##@sYr..+
#.......#%#Y...#
##.#.#..'.#....#
########## ####


You could see a tarantella, 3 dream sheep and a quokka.

Vanquished Creatures
  3 dream sheep (D)
  A shadow (D)
  A bullfrog (D)
  A scorpion (D)
  A gnoll shaman (D)
  Crazy Yiuf (D)
  A worker ant (D)
  2 adders (D)
  4 gnolls (D)
  3 river rats (D)
  A white imp (D)
  An ufetubus (D)
  A leopard gecko (D)
  3 giant cockroaches (D)
  A goblin (D)
  2 hobgoblins (D)
  A kobold (D)
  A frilled lizard (D)
29 creatures vanquished.

Notes
Turn   | Place    | Note
-------+----------+-------------------------------------------
     0 | D        | Fang the Gargoyle Berserker began the quest for the Orb.
     0 | D        | Reached XP level 1. HP: 14/14 MP: 1/1
    13 | D        | Noticed a worker ant
    28 | D        | Killed a worker ant
    28 | D        | Reached skill level 5 in Fighting
    28 | D        | Reached XP level 2. HP: 7/21 MP: 2/2
    28 | D        | Reached XP level 3. HP: 9/26 MP: 3/3
   359 | D        | Found a bloodstained altar of Trog.
   359 | D        | Found a deep blue altar of Sif Muna.
   359 | D        | Found a viscous altar of Jiyva.
   359 | D        | Found a hazy altar of Hepliaklqana.
   359 | D        | Found an opulent altar of Gozag.
   360 | D        | Found a glowing golden altar of the Shining One.
   360 | D        | Found a glowing silver altar of Zin.
   360 | D        | Found a basalt altar of Yredelemnul.
   360 | D        | Found a shimmering altar of Xom.
   360 | D        | Found an ornate altar of the Wu Jian Council.
   360 | D        | Found a sacrificial altar of Ru.
   360 | D        | Found a stormy altar of Qazlal.
   360 | D        | Found an iron altar of Okawaru.
   360 | D        | Found a sparkling altar of Nemelex Xobeh.
   360 | D        | Found a burning altar of Makhleb.
   360 | D        | Found a blossoming altar of Fedhas.
   360 | D        | Found a white marble altar of Elyvilon.
   360 | D        | Found a shadowy altar of Dithmenos.
   360 | D        | Found a snail-covered altar of Cheibriados.
   362 | D        | Found a radiant altar of Vehumet.
   362 | D        | Found a corrupted altar of Lugonu.
   362 | D        | Found a roughly hewn altar of Beogh.
   406 | D        | Reached ** piety under Trog
   518 | D        | Reached *** piety under Trog
   520 | D        | Reached skill level 5 in Axes
   520 | D        | Reached XP level 4. HP: 31/32 MP: 4/4
   632 | D        | Noticed a bullfrog
   635 | D        | Reached **** piety under Trog
   641 | D        | Reached XP level 5. HP: 38/38 MP: 5/5
   643 | D        | Reached ***** piety under Trog
   648 | D        | Reached XP level 6. HP: 45/45 MP: 6/6
   650 | D        | Received a gift from Trog
   823 | D        | Noticed a shadow
   829 | D        | Killed a shadow
   875 | D        | Noticed Crazy Yiuf
   883 | D        | Killed Crazy Yiuf
   883 | D        | Reached XP level 7. HP: 52/52 MP: 7/7
   917 | D        | Noticed a tarantella
   917 | D        | Noticed a dream sheep
   917 | D        | Noticed a dream sheep
   917 | D        | Noticed a dream sheep
   917 | D        | Noticed a dream sheep
   917 | D        | Noticed a dream sheep
   917 | D        | Noticed a dream sheep
   919 | D        | Killed a dream sheep
   919 | D        | Reached skill level 10 in Fighting
   919 | D        | Reached skill level 10 in Axes
   921 | D        | Killed a dream sheep
   921 | D        | Reached skill level 5 in Dodging
   923 | D        | Killed a dream sheep
   923 | D        | Received a gift from Trog
   923 | D        | Reached skill level 5 in Armour
   923 | D        | Reached XP level 8. HP: 60/60 MP: 8/8
   938 | D        | Slain by a tarantella

Skill      XL: |  1  2  3  4  5  6  7 |
---------------+----------------------+-----
Fighting       | 5 6 7 8 9 11 | 11.3
Axes           | 4 5 6 8 9 11 | 11.3
Dodging        | 2 3 4 5 |  5.4
Armour         | 3 4 5 |  5.0
Stealth        | |  0.8

Action                   |  1- 3 |  4- 6 |  7- 9 || total
-------------------------+-------+-------+-------++-------
Melee: Hand axe          |    35 |    39 |    12 ||    86
Invok: Berserk           |     2 |     3 |     1 ||     6
  Eat: Chunk             |       |     4 |     2 ||     6
Armor: Animal skin       |     3 |     6 |     2 ||    11
Dodge: Dodged            |    25 |    24 |    10 ||    59
